 Dungeon Crawl Stone Soup version 0.28-a0-1613-gdaab1c2f9b (webtiles) character file.

Game seed: 17202882648232635178

11575 murtidash the Frost Mage (level 11, -8/86 HPs)
             Began as a Demigod Ice Elementalist on Jan 22, 2022.
             Mangled by an entropy weaver simulacrum (18 damage)
             ... in an ice cave.
             The game lasted 00:40:10 (14444 turns).

murtidash the Frost Mage (DgIE)                    Turns: 14444, Time: 00:40:11

Health: -8/86      AC: 20    Str: 12    XL:     11   Next: 26%
Magic:  13/22      EV: 14    Int: 29    God:
Gold:   78         SH:  0    Dex: 17    Spells: 7/20 levels left

rFire   x . .      SeeInvis .   a - +4 short sword (vorpal)
rCold   + . .      Faith    .   G - orb {light}
rNeg    + . .      Spirit   .   l - +2 leather armour "Qatoch" {rN+ Regen+ Str+3 Dex+3}
rPois   .          Reflect  .   m - +2 helmet
rElec   .          Harm     .   o - +0 cloak
rCorr   .          Rampage  .   (no gloves)
Will    ++...                   u - +0 pair of boots
Stlth   +.........              D - amulet of the Scorching Fool {Will+ Regen+}
HPRegen 1.84/turn               J - ring of ice {rC+, rF-}
MPRegen 0.18/turn               F - ring of flight {+Fly, !d}

@: ice-armoured, flying, glowing
A: high mp 1, forlorn, divine attributes
a: no special abilities


You were in an ice cave.
You visited 2 branches of the dungeon, and saw 10 of its levels.
You also visited: Ossuary, Bailey and Ice Cave.

You collected 526 gold pieces.
You spent 448 gold pieces at shops.

Inventory:

Hand Weapons
 a - a +4 vorpal short sword (weapon)
   (You took it off a kobold on level 3 of the Dungeon)
 b - a +0 arbalest
   (You took it off an orc in a bailey)
 c - a +0 dagger of protection
   (You took it off a necromancer on level 9 of the Dungeon)
Missiles
 C - 329 bolts
Armour
 l - the +2 leather armour "Qatoch" (worn) {rN+ Regen+ Str+3 Dex+3}
   (You bought it in a shop on level 9 of the Dungeon)

   Str:       It affects your strength (+3).
   Dex:       It affects your dexterity (+3).
   rN:        It protects you from negative energy.
   Regen:     It increases your rate of health regeneration.
 m - a +2 helmet (worn)
   (You found it on level 2 of the Dungeon)
 o - a +0 cloak (worn)
   (You found it on level 4 of the Dungeon)
 u - a +0 pair of boots (worn)
   (You found it on level 1 of the Dungeon)
 G - an orb of light (worn)
   (You found it on level 8 of the Dungeon)
Jewellery
 g - a ring of positive energy {rN+}
   (You found it on level 2 of the Dungeon)
 D - the amulet of the Scorching Fool (around neck) {Will+ Regen+}
   (You found it in a bailey)

   [amulet of regeneration]

   Regen:     It increases your rate of health regeneration.
   Will:      It increases your willpower.
 F - a ring of flight (right hand) {+Fly, !d}
   (You found it on level 7 of the Dungeon)
 H - a ring of positive energy {rN+}
   (You found it on level 8 of the Dungeon)
 J - a ring of ice (left hand) {rC+, rF-}
   (You found it on level 9 of the Dungeon)
Wands
 j - a wand of flame (25)
   (You took it off Jessica on level 2 of the Dungeon)
Scrolls
 k - 2 scrolls of teleportation
 n - a scroll of fog {unknown}
 q - a scroll of noise {unknown}
 s - a scroll of torment {unknown}
 t - 3 scrolls of fear
 v - 2 scrolls of enchant armour {unknown}
 x - a scroll of amnesia
 y - a scroll of enchant weapon
 A - a scroll of vulnerability {unknown}
 I - a scroll of holy word {unknown}
 M - a scroll of immolation {unknown}
Potions
 d - 2 potions of invisibility
 e - 2 potions of cancellation {unknown}
 f - 6 potions of heal wounds
 h - 5 potions of mutation {!q}
 i - 2 potions of resistance
 p - 4 potions of curing
 r - 3 potions of attraction {!q}
 w - 2 potions of flight
 z - 2 potions of berserk rage {unknown}
 B - 2 potions of lignification {unknown}
 E - a potion of might {unknown}
 K - a potion of brilliance {unknown}
 L - a potion of haste {unknown}


   Skills:
 - Level 5.0 Fighting
 + Level 4.3 Armour
 - Level 5.0 Dodging
 - Level 1.7 Stealth
 - Level 5.0 Spellcasting
 + Level 3.8 Conjurations
 - Level 6.4 Summonings
 + Level 3.5 Translocations
 * Level 10.6 Ice Magic
 + Level 4.3 Air Magic


You had 7 spell levels left.
You knew the following spells:

 Your Spells              Type           Power      Damage    Failure   Level
a - Freeze                Ice            100%       1d11      1%          1
b - Frozen Ramparts       Ice            100%       1d12      1%          3
c - Ozocubu's Armour      Ice            80%        N/A       1%          3
d - Summon Ice Beast      Ice/Summ       71%        N/A       2%          4
Z - Blink                 Tloc           54%        N/A       2%          2

Your spell library contained the following spells:

 Spells                   Type           Power      Damage    Failure   Level
 Hailstorm                Conj/Ice       65%        3d14      4%          4
 Lesser Beckoning         Tloc           27%        N/A       5%          3
 Mephitic Cloud           Conj/Pois/Air  23%        N/A       8%          3
 Ice Form                 Ice/Tmut       54%        N/A       9%          4
 Freezing Cloud           Conj/Ice/Air   30%        6-21      17%         5
 Passage of Golubria      Tloc           27%        N/A       19%         4
 Ignite Poison            Fire/Tmut/Pois 7%         N/A       24%         3
 Manifold Assault         Tloc           27%        N/A       45%         5
 Silence                  Hex/Air        9%         N/A       67%         5
 Lehudib's Crystal Spear  Conj/Erth      9%         10d4      100%        8


Dungeon Overview and Level Annotations

Branches:
Dungeon (9/15)             Temple (0/1) D:6            Lair (1/6) D:8
    Orc (0/2) D:9         Ossuary (visited)          Bailey (visited)
  IceCv (1/1)

Shops:
D:2 !   D:3 [   D:9 [


Innate Abilities, Weirdness & Mutations

You have an increased reservoir of magic. (+10% MP)
You shall have no god before yourself.
Your divine heritage dramatically boosts your attributes as you level up.


Message History

You take 14 damage, and have 65/86 hp.
You hit the entropy weaver simulacrum.
Your ice beast barely misses the entropy weaver simulacrum.
The entropy weaver simulacrum hits you but does no damage.
The entropy weaver simulacrum closely misses you.
The entropy weaver simulacrum hits you but does no damage. x2
You regained 2 hp, and now have 67/86 hp.
You hit the entropy weaver simulacrum.
Your ice beast hits the entropy weaver simulacrum.
Your ice beast freezes the entropy weaver simulacrum.
The entropy weaver simulacrum completely resists.
The entropy weaver simulacrum misses you.
The entropy weaver simulacrum closely misses you. x2
The entropy weaver simulacrum hits you but does no damage.
You regained 2 hp, and now have 69/86 hp.
You barely miss the entropy weaver simulacrum.
Your ice beast hits the entropy weaver simulacrum but does no damage.
The entropy weaver simulacrum hits your ice beast but does no damage.
The entropy weaver simulacrum hits your ice beast.
The entropy weaver simulacrum freezes your ice beast.
Your ice beast completely resists.
The entropy weaver simulacrum closely misses your ice beast.
The entropy weaver simulacrum hits your ice beast!
The entropy weaver simulacrum freezes your ice beast.
Your ice beast completely resists.
You regained 2 hp, and now have 71/86 hp.
You hit the entropy weaver simulacrum but do no damage.
Your ice beast hits the entropy weaver simulacrum.
Your ice beast freezes the entropy weaver simulacrum.
The entropy weaver simulacrum completely resists.
The entropy weaver simulacrum closely misses your ice beast.
The entropy weaver simulacrum barely misses your ice beast.
The entropy weaver simulacrum closely misses your ice beast.
The entropy weaver simulacrum hits your ice beast.
The entropy weaver simulacrum freezes your ice beast.
Your ice beast completely resists.
You regained 2 hp, and now have 73/86 hp.
You hit the entropy weaver simulacrum.
Your ice beast hits the entropy weaver simulacrum but does no damage.
The entropy weaver simulacrum hits you!
The entropy weaver simulacrum freezes you!
You resist.
The entropy weaver simulacrum hits you but does no damage. x2
The entropy weaver simulacrum barely misses you.
You take 16 damage, and have 57/86 hp.
You hit the entropy weaver simulacrum.
You regained 2 hp, and now have 59/86 hp.
You hit the entropy weaver simulacrum.
The entropy weaver simulacrum completely misses you.
The entropy weaver simulacrum closely misses you.
The entropy weaver simulacrum misses you.
The entropy weaver simulacrum hits you.
The entropy weaver simulacrum freezes you!
You resist.
Your ice beast hits the entropy weaver simulacrum.
Your ice beast freezes the entropy weaver simulacrum.
The entropy weaver simulacrum completely resists.
You take 11 damage, and have 48/86 hp.
You hit the entropy weaver simulacrum.
The entropy weaver simulacrum closely misses you.
The entropy weaver simulacrum misses you.
The entropy weaver simulacrum completely misses you. x2
Your ice beast barely misses the entropy weaver simulacrum.
You regained 2 hp, and now have 50/86 hp.
You hit the entropy weaver simulacrum but do no damage.
The entropy weaver simulacrum hits you but does no damage.
The entropy weaver simulacrum barely misses you.
The entropy weaver simulacrum hits you but does no damage.
The entropy weaver simulacrum hits you.
The entropy weaver simulacrum freezes you!
You resist.
Your ice beast barely misses the entropy weaver simulacrum.
You take 12 damage, and have 38/86 hp.
You hit the entropy weaver simulacrum but do no damage.
The entropy weaver simulacrum closely misses you.
The entropy weaver simulacrum hits you!
The entropy weaver simulacrum freezes you!
You resist.
* * * LOW HITPOINT WARNING * * *
The entropy weaver simulacrum barely misses you.
The entropy weaver simulacrum hits you but does no damage.
Your ice beast completely misses the entropy weaver simulacrum.
You take 14 damage, and have 24/86 hp.
You barely miss the entropy weaver simulacrum.
The entropy weaver simulacrum hits you.
* * * LOW HITPOINT WARNING * * *
The entropy weaver simulacrum freezes you!
You resist.
* * * LOW HITPOINT WARNING * * *
The entropy weaver simulacrum completely misses you.
The entropy weaver simulacrum hits you but does no damage.
The entropy weaver simulacrum closely misses you.
Your ice beast hits the entropy weaver simulacrum.
Your ice beast freezes the entropy weaver simulacrum.
The entropy weaver simulacrum completely resists.
The entropy weaver simulacrum hits you.
* * * LOW HITPOINT WARNING * * *
The entropy weaver simulacrum freezes you!!
You resist.
You die...

..# ..
#.# ..#
### ..#
##.####.#
#...##..#
#∩∩YZ...#
#..@##..#
##.####.#
### ..#
..# #..
..# .#


You could see an entropy weaver simulacrum (ally target) and a friendly ice
beast (summoned).

Vanquished Creatures
  Pikel (D:4)
  A necromancer (D:9)
  2 komodo dragons (Lair:1)
  An entropy weaver simulacrum (IceCv)
  Sigmund (D:5)
  A wyvern (D:9)
  A steam dragon (D:7)
  The ghost of YayAnonymity the Poker, an amateur DsGl (D:3)
  Menkaure (D:7)
  3 wargs (D:8)
  An acid dragon (D:9)
  2 water moccasins (Lair:1)
  3 sky beasts
  7 orc warriors
  2 ice beasts
  An ugly thing simulacrum (IceCv)
  2 ogres
  A black bear (D:6)
  A necrophage (D:6)
  8 wolves (Lair:1)
  6 centaurs
  2 bullfrogs
  13 scorpions
  A water moccasin zombie (D:7)
  13 killer bees
  3 wights (D:7)
  2 howler monkeys
  A bullfrog zombie (D:6)
  3 centaur zombies
  2 human zombies (Ossuary)
  A jelly (D:8)
  2 orc priests
  A hound (D:6)
  2 centaur skeletons
  Jessica (D:2)
  2 gnoll shamans
  An iguana (D:5)
  Natasha (thrice) (D:2)
  8 orc wizards
  3 scorpion zombies (Ossuary)
  A killer bee zombie (D:3)
  A wolf simulacrum (D:9)
  A hound zombie (D:5)
  A hound skeleton (D:5)
  3 mummies (Ossuary)
  Robin (D:2)
  4 gnolls
  3 howler monkey zombies (D:6)
  9 adders
  A white imp (D:8)
  A worm (D:4)
  6 dart slugs
  27 orcs
  7 ball pythons
  An endoplasm (D:3)
  3 giant cockroaches
  3 gnoll zombies (Ossuary)
  13 goblins
  10 hobgoblins
  10 kobolds
  A quokka (D:2)
  5 bats
  A goblin zombie (Ossuary)
  7 hobgoblin zombies (Ossuary)
  3 orc zombies (Ossuary)
  5 rats
  3 river rat simulacra (D:9)
242 creatures vanquished.

Vanquished Creatures (collateral kills)
  2 two-headed ogres
  Urug (Lair:1)
  Grinder (D:6)
  A centaur simulacrum (D:9)
  3 orc warriors (Bailey)
  A necrophage (D:8)
  A centaur (D:6)
  A gnoll sergeant (D:8)
  3 killer bees (D:9)
  4 orc priests
  An orc wizard (D:8)
  A polar bear simulacrum (D:9)
  4 yak simulacra (D:9)
  4 gnolls
  A howler monkey skeleton (D:6)
  An adder (D:5)
  14 orcs
44 creatures vanquished.

Vanquished Creatures (others)
  2 demonic plants (D:2)
  2 fungi (Lair:1)
  3 plants
7 creatures vanquished.

Grand Total: 293 creatures vanquished

Notes
Turn   | Place    | Note
-------+----------+-------------------------------------------
     0 | D:1      | murtidash the Demigod Ice Elementalist began the quest for
                  | the Orb.
     0 | D:1      | Reached XP level 1. HP: 14/14 MP: 5/5
   245 | D:1      | Reached skill level 2 in Spellcasting
   556 | D:1      | Reached XP level 2. HP: 20/20 MP: 5/7
  1253 | D:2      | Reached skill level 4 in Ice Magic
  1400 | D:2      | Reached XP level 3. HP: 15/26 MP: 6/9
  1404 | D:2      | Learned a level 3 spell: Frozen Ramparts
  1408 | D:2      | Learned a level 3 spell: Ozocubu's Armour
  1662 | D:2      | Noticed Natasha
  1667 | D:2      | Killed Natasha
  1722 | D:2      | Noticed Natasha
  1727 | D:2      | Killed Natasha
  1728 | D:2      | Reached skill level 3 in Spellcasting
  1728 | D:2      | Reached XP level 4. HP: 30/33 MP: 6/11
  1785 | D:2      | Noticed Natasha
  1804 | D:2      | Killed Natasha
  1821 | D:2      | HP: 6/33 [poisoned by an adder]
  2337 | D:2      | Noticed Robin
  2345 | D:2      | Killed Robin
  2350 | D:2      | Reached XP level 5. HP: 27/38 MP: 0/13
  2441 | D:2      | Noticed Jessica
  2447 | D:2      | Killed Jessica
  2448 | D:2      | Reached skill level 5 in Ice Magic
  2548 | D:2      | Found Gohumutt's Distillery.
  2626 | D:2      | Bought a potion of heal wounds for 55 gold pieces
  3119 | D:2      | Noticed a balrug
  3453 | D:3      | Noticed a +0 spear
  3453 | D:3      | Noticed a +0 short sword
  3454 | D:3      | Noticed a +0 falchion
  3454 | D:3      | Noticed a +0 dagger
  3455 | D:3      | Noticed a +0 falchion
  3455 | D:3      | Noticed a +0 dagger
  3455 | D:3      | Noticed a +0 short sword
  3456 | D:3      | Noticed a +0 spear
  3492 | D:3      | Found Huofoh's Armour Shop.
  3814 | D:3      | Found a runed translucent gate.
  3814 | D:3      | Found a runed translucent gate.
  3815 | D:3      | Found a runed translucent gate.
  3841 | D:3      | Noticed YayAnonymity's ghost (amateur DsGl)
  4499 | D:3      | Killed YayAnonymity's ghost
  4500 | D:3      | Reached skill level 4 in Spellcasting
  4500 | D:3      | Reached XP level 6. HP: 43/45 MP: 5/15
  4853 | D:4      | Noticed Pikel
  4875 | D:4      | Killed Pikel
  4876 | D:4      | Reached skill level 1 in Fighting
  4876 | D:4      | Reached skill level 2 in Dodging
  4876 | D:4      | Reached skill level 2 in Summonings
  4876 | D:4      | Reached skill level 6 in Ice Magic
  4876 | D:4      | Reached XP level 7. HP: 49/52 MP: 6/16
  5061 | D:4      | Found a sand-covered staircase.
  5068 | Ossuary  | Entered an ossuary
  5099 | Ossuary  | Reached skill level 3 in Summonings
  5101 | Ossuary  | Reached skill level 2 in Fighting
  5295 | Ossuary  | Reached skill level 3 in Dodging
  5386 | Ossuary  | Reached XP level 8. HP: 62/62 MP: 15/17
  5511 | Ossuary  | Reached skill level 7 in Ice Magic
  5735 | Ossuary  | Reached skill level 4 in Summonings
  6070 | Ossuary  | Reached skill level 3 in Fighting
  6603 | D:4      | Reached skill level 5 in Summonings
  6777 | D:5      | Entered Level 5 of the Dungeon
  6940 | D:5      | Reached skill level 4 in Dodging
  7098 | D:5      | Noticed Sigmund
  7106 | D:5      | Reached XP level 9. HP: 62/70 MP: 16/19
  7112 | D:5      | Killed Sigmund
  7113 | D:5      | Reached skill level 8 in Ice Magic
  7118 | D:5      | Learned a level 4 spell: Summon Ice Beast
  7900 | D:6      | Found a staircase to the Ecumenical Temple.
  8424 | D:6      | Reached skill level 4 in Fighting
  8481 | D:6      | Reached skill level 6 in Summonings
  8488 | D:6      | Reached skill level 1 in Armour
  8709 | D:6      | Noticed Grinder
  8714 | D:6      | Paralysed by Grinder for 4 turns
  8733 | D:6      | Killed Grinder
  9496 | D:7      | Found a flagged portal.
  9527 | Bailey   | Entered a bailey
 10391 | Bailey   | Identified the amulet of the Scorching Fool {Will+ Regen+}
 10399 | Bailey   | Noticed an orc knight
 10399 | Bailey   | Noticed an orc knight
 10399 | Bailey   | Noticed an orc knight
 10599 | Bailey   | Reached skill level 2 in Armour
 10599 | Bailey   | Reached skill level 5 in Dodging
 10732 | D:7      | Reached skill level 1 in Conjurations
 10732 | D:7      | Reached skill level 9 in Ice Magic
 10732 | D:7      | Reached skill level 1 in Air Magic
 10987 | D:7      | Learned a level 2 spell: Blink
 11040 | D:7      | Reached XP level 10. HP: 61/79 MP: 9/20
 11367 | D:7      | Noticed Menkaure
 11374 | D:7      | Killed Menkaure
 11721 | D:8      | Reached skill level 1 in Translocations
 11886 | D:8      | Found a staircase to the Lair.
 12003 | D:8      | Reached skill level 2 in Air Magic
 12004 | D:8      | Reached skill level 2 in Conjurations
 12596 | D:8      | Noticed a two-headed ogre
 12607 | D:8      | Killed a two-headed ogre
 12608 | D:8      | Reached skill level 5 in Fighting
 12608 | D:8      | Reached skill level 3 in Armour
 12608 | D:8      | Reached skill level 5 in Spellcasting
 12608 | D:8      | Reached skill level 2 in Translocations
 12855 | D:9      | Reached skill level 3 in Air Magic
 13146 | D:9      | Noticed a necromancer
 13157 | D:9      | Killed a necromancer
 13414 | D:9      | Found a staircase to the Orcish Mines.
 13415 | D:9      | Found Weutug's Armour Shop.
 13427 | D:9      | Reached skill level 3 in Conjurations
 13427 | D:9      | Reached skill level 10 in Ice Magic
 13587 | D:9      | Bought the +2 leather armour "Qatoch" {rN+ Regen+ Str+3
                  | Dex+3} for 393 gold pieces
 13728 | D:9      | Noticed a two-headed ogre
 13736 | D:9      | Killed a two-headed ogre
 13737 | D:9      | Reached XP level 11. HP: 65/86 MP: 10/22
 13789 | D:9      | Reached skill level 3 in Translocations
 14066 | Lair:1   | Entered Level 1 of the Lair of Beasts
 14124 | Lair:1   | Noticed Urug
 14133 | Lair:1   | Reached skill level 4 in Armour
 14137 | Lair:1   | Killed Urug
 14138 | Lair:1   | Reached skill level 4 in Air Magic
 14361 | Lair:1   | Found a frozen archway.
 14368 | IceCv    | Entered an ice cave
 14444 | IceCv    | HP: 11/86 [entropy weaver simulacrum (10)]
 14444 | IceCv    | Mangled by an entropy weaver simulacrum

Illustrated notes

Levels and vault maps discovered:
D:1:      psy_arrival_terrarium, layout_loops_corners, serial_forest,
          infiniplex_forest_end_3, infiniplex_forest_lined_corner,
          infiniplex_forest_clump_double, infiniplex_forest_clump_long,
          infiniplex_forest_zigzag_1, infiniplex_forest_straight_1,
          chequers_decorated_corner, hangedman_abyss_or_decor_stabs
D:2:      layout_basic, dreamdust_ecumenical_altar_sealed_demon, serial_shops,
          nicolae_diamond_shop, uniq_jessica, uniq_natasha, uniq_robin
D:3:      layout_loops_ring, nicolae_uskayaw_en_pointe, serial_shops,
          nicolae_shop_competitors_out_of_business, gammafunk_ghost_necromancy,
          chequers_big_river
D:4:      layout_basic, kennysheep_slug_shrine, lemuel_tele_altar,
          nicolae_ossuary_entry_ruins, uniq_pikel
D:5:      layout_cave_pools, lemuel_doored_altar, minmay_misc_feat_iff,
          uniq_sigmund
D:6:      minmay_skewed_foursquare, layout_gridville, kennysheep_mini,
          elyvilon_altar_5, minmay_temple_entry_gardened_gates, uniq_grinder
D:7:      layout_rooms, mainiacjoe_overflow_brackets, jmf_multi_god_temple,
          enter_bailey_2, uniq_menkaure
D:8:      layout_loops_corners, lemuel_coloured_pillars_altar,
          gammafunk_temple_overflow_statue, erik_lair_orcish_takeover,
          chequers_garden
D:9:      layout_gridville, orc_david_3, eino_house_with_fridge
Lair:1:   layout_chaotic_city, portal_ice_cave_entry_pillars_1, basic_altar,
          beast_lair_carwin_9, infiniplex_staircase_pool_2, uniq_urug
IceCv:    ice_cave_hellmonk_azure_passage

Skill      XL: |  1  2  3  4  5  6  7  8  9 10 11 |
---------------+----------------------------------+-----
Spellcasting   | 2 3 4 5 |  5.0
Ice Magic      | 4 5 6 7 9 10 | 10.6
Fighting       | 1 2 3 4 5 |  5.0
Dodging        | 2 3 4 5 |  5.0
Summonings     | 2 3 5 6 |  6.4
Armour         | 2 3 4 |  4.3
Conjurations   | 1 3 |  3.8
Air Magic      | 1 3 4 |  4.3
Translocations | 2 3 |  3.5
Stealth        | |  1.7

Action                   |  1- 3 |  4- 6 |  7- 9 | 10-12 || total
-------------------------+-------+-------+-------+-------++-------
Melee: Unarmed           |     2 |    80 |       |       ||    82
       Short sword       |       |    18 |   232 |   158 ||   408
       Punch             |       |       |     6 |     1 ||     7
 Fire: Arbalest          |       |       |     5 |       ||     5
 Cast: Freeze            |    33 |    51 |    64 |    31 ||   179
       Frozen Ramparts   |     2 |    22 |    51 |    29 ||   104
       Ozocubu's Armour  |       |     4 |    45 |    28 ||    77
       Summon Ice Beast  |       |       |    25 |    21 ||    46
Evoke: Wand              |       |     2 |     4 |     6 ||    12
  Use: Scroll            |       |     7 |     7 |     1 ||    15
       Potion            |       |       |     1 |       ||     1
 Stab: Sleeping          |       |     1 |       |       ||     1
Armor: Robe              |    10 |    61 |    97 |       ||   168
       Leather armour    |       |       |    56 |   121 ||   177
Dodge: Dodged            |    26 |   108 |   215 |   182 ||   531

Table legend: (Time is in decaauts)
 A = Elapsed time spent in this place.
 B = Non-inter-level travel time spent in this place.
 C = Inter-level travel time spent in this place.
 D = Time resting spent in this place.
 E = Time spent auto-exploring this place.
 F = Levels seen in this place.
 G = Mean time per level.
                   A        B        C        D        E       F      G
               +--------+--------+--------+--------+--------+-----+--------+
         Total |  14504 |  13925 |    579 |   2222 |   8172 |  13 | 1115.7 |
       Dungeon |  11780 |  11201 |    579 |    944 |   8157 |   9 | 1308.9 |
          Lair |    304 |    304 |      0 |     88 |      0 |   1 |  304.0 |
       Ossuary |   1185 |   1185 |      0 |    634 |      0 |   1 | 1185.0 |
        Bailey |   1156 |   1156 |      0 |    518 |     15 |   1 | 1156.0 |
      Ice Cave |     77 |     77 |      0 |     38 |      0 |   1 |   77.0 |
               +--------+--------+--------+--------+--------+-----+--------+

Top non-repeatable levels by time:
     D:2: 2056 daAuts
     D:6: 1657 daAuts
     D:3: 1517 daAuts
     D:8: 1505 daAuts
     D:1: 1238 daAuts
 Ossuary: 1185 daAuts
  Bailey: 1156 daAuts
     D:9: 1097 daAuts
     D:5: 923 daAuts
     D:7: 892 daAuts
     D:4: 890 daAuts
  Lair:1: 304 daAuts
   IceCv: 77 daAuts

Table legend:
 A = Kills in this place as a percentage of kills in entire the game.
 B = Kills by you in this place as a percentage of kills by you in the entire game.
 C = Kills by friends in this place as a percentage of kills by friends in the entire game.
 D = Other kills in this place as a percentage of other kills in the entire game.
 E = Experience gained in this place as a percentage of experience gained in the entire game.
 F = Experience gained in this place divided by the number of levels of this place that you have seen.
                   A       B       C       D       E      F
               +-------+-------+-------+-------+-------+----------------------
         Total | 100.0 | 100.0 | 100.0 |   N/A | 100.0 | 1272.0
       Dungeon |  76.9 |  77.7 |  72.7 |   N/A |  68.8 | 1264.7
          Lair |   4.5 |   5.0 |   2.3 |   N/A |  16.4 | 2716.0
       Ossuary |  12.2 |  14.5 |   0.0 |   N/A |   7.8 | 1283.0
        Bailey |   5.6 |   2.1 |  25.0 |   N/A |   4.2 | 694.0
      Ice Cave |   0.7 |   0.8 |   0.0 |   N/A |   2.8 | 461.0
               +-------+-------+-------+-------+-------+----------------------
